 Dungeon Crawl Stone Soup version 0.21-a0-529-g8c7b3f5d53 (webtiles) character file.

7941 GordonOverkill the Cleaver (level 11, -3/79 HPs)
             Began as a Mummy Artificer on Dec 10, 2017.
             Was an Initiate of Gozag.
             Slain by Urug
             ... wielding a +1 long sword of holy wrath
              (23 damage)
             ... on level 10 of the Dungeon.
             The game lasted 00:21:35 (13658 turns).

GordonOverkill the Cleaver (Mummy Artificer)       Turns: 13658, Time: 00:21:36

Health: -3/79      AC: 13    Str: 19    XL:     11   Next: 3%
Magic:  12/12      EV:  5    Int: 11    God:    Gozag
Gold:   1674       SH:  0    Dex: 12    Spells: 10/10 levels left

rFire    + . .     SeeInvis +   a - +2 hand axe (venom)
rCold    + . .     Gourm    .   (no shield)
rNeg     + + +     Faith    .   t - +0 plate armour {rF+}
rPois    ∞         Spirit   .   q - +2 helmet
rElec    .         Reflect  .   (no cloak)
rCorr    .         Harm     .   (no gloves)
MR       +....                  (no boots)
Stlth    ..........             (no amulet)
HPRegen  0.23/turn              g - ring of see invisible
MPRegen  0.13/turn              h - ring of protection from fire

@: no status effects
A: no food or potions, fire vulnerability, cold resistance 1, negative energy
resistance 3, torment resistance, unbreathing
a: Potion Petition, Call Merchant, Bribe Branch, Renounce Religion


You were on level 10 of the Dungeon.
You worshipped Gozag.
Gozag was most pleased with you.
You were not hungry.

You visited 1 branch of the dungeon, and saw 10 of its levels.

You collected 2051 gold pieces.
You spent 300 gold pieces at shops.
You paid 77 gold pieces to Gozag.

Inventory:

Hand Weapons
 a - a +2 hand axe of venom (weapon)
 b - a +1 hand axe of electrocution
 p - a +0 war axe
 w - a +0 hand axe of flaming
Missiles
 n - 3 throwing nets (quivered)
Armour
 q - a +2 helmet (worn)
 t - a +0 plate armour of fire resistance (worn)
Jewellery
 g - a ring of see invisible (left hand)
 h - a ring of protection from fire (right hand)
 j - an uncursed ring of fire {unknown}
Wands
 c - a wand of flame (17)
 d - a wand of enslavement (10)
 f - a wand of digging (9)
Scrolls
 e - 2 scrolls of amnesia
 i - 9 scrolls of remove curse
 k - 2 scrolls of magic mapping
 l - 2 scrolls of fog
 m - a scroll of fear
 o - 5 scrolls of identify
 r - 3 scrolls of enchant weapon
 s - a scroll of teleportation
 u - a scroll of blinking {unknown}


   Skills:
 - Level 5.0 Fighting
   Level 0.7 Short Blades
 + Level 13.2 Axes
 - Level 1.5 Dodging
 - Level 0.7 Stealth
 - Level 2.4 Evocations


You had 10 spell levels left.
You didn't know any spells.

Dungeon Overview and Level Annotations

Branches:
Dungeon (10/15)            Temple (0/1) D:6            Lair (0/6) D:8
    Orc (0/2) D:9

Altars:
Ashenzari
Cheibriados
Dithmenos
Fedhas
Gozag
Hepliaklqana
Kikubaaqudgha
Ru
Uskayaw
Vehumet
Wu Jian
Xom
Yredelemnul
Zin
The Shining One

Shops:
D:4 =

Annotations:
D:10 Urug


Innate Abilities, Weirdness & Mutations

You do not eat or drink.
Your flesh is vulnerable to fire.
You are immune to poison.
Your flesh is cold resistant. (rC+)
You are immune to negative energy. (rN+++)
You are immune to unholy pain and torment.
You can survive without breathing.


Message History

You convulse.
Your plate armour prevents you from hitting Urug.
Urug is lightly wounded.
You slash Urug!
Urug looks as sick as possible!
Urug is lightly wounded.
Urug closely misses you.
You hit Urug.
Urug is moderately wounded.
You hit Urug.
Urug is heavily wounded.
Urug hits you but does no damage.
You hit Urug.
Urug looks as sick as possible!
Urug is heavily wounded.
You hit Urug.
Urug looks as sick as possible!
Urug is severely wounded.
Urug hits you with a long sword of holy wrath!!
* * * LOW HITPOINT WARNING * * *
You convulse!!
You die...
Your body crumbles into a pile of gold.

#.# #.......# #.#
#.......# #.#
#.......# #.#
#.......# #.#
#.......# #.#
#.......# #.#
#.......# . #(#
#.......#
....##@###.......#
...?..o...........#
......s...........#
###################


You could see Urug and a scorpion.

Vanquished Creatures
  Erica (D:8)
  2 two-headed ogres (D:9)
  A human (D:7)
  A hippogriff (D:9)
  A wyvern (D:9)
  Sigmund (D:2)
  Eustachio (D:5)
  A hog (D:7)
  A yak (D:7)
  A hungry ghost (D:9)
  2 porcupines (D:8)
  2 ice beasts
  3 black bears
  2 orc warriors (D:8)
  3 sky beasts
  A boggart (D:7)
  5 ogres
  2 centaurs
  A crocodile (D:9)
  4 bullfrogs
  2 scorpions
  10 wights
  A howler monkey (D:7)
  3 crimson imps (D:7)
  4 jellies
  6 hounds
  10 orc priests
  2 bullfrog skeletons
  4 iguanas
  Ijyb (D:5)
  2 centaur skeletons
  13 orc wizards
  7 worker ants
  A hound zombie (D:6)
  A hound skeleton (D:8)
  2 worker ant zombies (D:9)
  Robin (D:3)
  A howler monkey skeleton (D:5)
  8 gnolls
  A howler monkey zombie (D:10)
  11 adders
  A shadow imp (D:8)
  An ooze (D:1)
  An adder zombie (D:8)
  2 worms (D:2)
  3 dart slugs
  7 leopard geckos
  31 orcs
  7 bats
  8 giant cockroaches
  21 goblins
  12 hobgoblins
  8 jackals
  8 quokkas
  3 ball pythons
  8 frilled lizards
  A jackal zombie (D:7)
  8 kobolds
  A leopard gecko skeleton (D:4)
  A leopard gecko zombie (D:7)
  A quokka zombie (D:9)
  13 rats
  A fungus (D:8)
274 creatures vanquished.

Vanquished Creatures (others)
  2 hogs (D:7)
2 creatures vanquished.

Grand Total: 276 creatures vanquished

Notes
Turn   | Place    | Note
-------+----------+-------------------------------------------
     0 | D:1      | GordonOverkill the Mummy Artificer began the quest for the Orb.
     0 | D:1      | Reached XP level 1. HP: 15/15 MP: 2/2
   213 | D:1      | Reached XP level 2. HP: 11/21 MP: 3/3
   380 | D:1      | Reached skill level 1 in Axes
   593 | D:1      | Reached XP level 3. HP: 21/27 MP: 4/4
  1198 | D:2      | Found a snail-covered altar of Cheibriados.
  1378 | D:2      | Reached skill level 2 in Axes
  1401 | D:2      | Reached XP level 4. HP: 29/34 MP: 5/5
  1965 | D:2      | Noticed Sigmund
  1981 | D:2      | Killed Sigmund
  1981 | D:2      | Reached skill level 3 in Axes
  1981 | D:2      | Reached XP level 5. HP: 41/42 MP: 6/6
  2499 | D:3      | Reached XP level 6. HP: 41/48 MP: 7/7
  2909 | D:3      | Noticed Robin
  2923 | D:3      | Killed Robin
  3013 | D:3      | Found an opulent altar of Gozag.
  3074 | D:3      | Became a worshipper of Gozag Ym Sagoz the Greedy
  3566 | D:4      | Found Jieh's Jewellery Emporium.
  3584 | D:4      | Reached skill level 5 in Fighting
  3584 | D:4      | Reached skill level 4 in Axes
  3830 | D:4      | Bought an uncursed ring of protection from fire for 300 gold pieces
  4138 | D:4      | Reached XP level 7. HP: 56/56 MP: 8/8
  4280 | D:4      | Found a hide-covered altar of Uskayaw.
  4280 | D:4      | Found an ancient bone altar of Kikubaaqudgha.
  4286 | D:4      | Found a faded altar of an unknown god.
  4288 | D:4      | Found a faded altar of an unknown god.
  4289 | D:4      | Found a shattered altar of Ashenzari.
  4531 | D:5      | Entered Level 5 of the Dungeon
  4673 | D:5      | Reached skill level 5 in Axes
  4753 | D:5      | Found a radiant altar of Vehumet.
  5128 | D:5      | Found a sacrificial altar of Ru.
  5196 | D:5      | Reached skill level 6 in Axes
  5532 | D:5      | Noticed Eustachio
  5538 | D:5      | Killed Eustachio
  5538 | D:5      | Reached XP level 8. HP: 62/62 MP: 9/9
  5946 | D:5      | Found a blossoming altar of Fedhas.
  6072 | D:5      | Noticed Ijyb
  6090 | D:5      | Killed Ijyb
  6337 | D:6      | Reached skill level 7 in Axes
  6650 | D:6      | Reached skill level 8 in Axes
  7622 | D:6      | Found a staircase to the Ecumenical Temple.
  7730 | D:6      | Reached XP level 9. HP: 44/68 MP: 10/10
  7921 | D:6      | Reached skill level 9 in Axes
  8099 | D:7      | Found a glowing golden altar of the Shining One.
  8104 | D:7      | Noticed an angel
  8120 | D:7      | Found a basalt altar of Yredelemnul.
  8122 | D:7      | Noticed a profane servitor
  9355 | D:7      | Reached skill level 10 in Axes
  9817 | D:7      | Found a shadowy altar of Dithmenos.
 10250 | D:7      | Reached skill level 11 in Axes
 10316 | D:7      | Found an ornate altar of the Wu Jian Council.
 10526 | D:8      | Reached XP level 10. HP: 25/74 MP: 11/11
 10832 | D:8      | Found a staircase to the Lair.
 11342 | D:8      | Found a shimmering altar of Xom.
 12214 | D:8      | Noticed Erica
 12229 | D:8      | Killed Erica
 12229 | D:8      | Reached skill level 12 in Axes
 12602 | D:9      | Found a staircase to the Orcish Mines.
 12613 | D:9      | Noticed a two-headed ogre
 12634 | D:9      | Found a hazy altar of Hepliaklqana.
 12642 | D:9      | Killed a two-headed ogre
 12881 | D:9      | Noticed a two-headed ogre
 12908 | D:9      | Killed a two-headed ogre
 12908 | D:9      | Reached skill level 13 in Axes
 13422 | D:9      | Found a glowing silver altar of Zin.
 13515 | D:10     | Entered Level 10 of the Dungeon
 13528 | D:10     | Reached XP level 11. HP: 76/79 MP: 12/12
 13641 | D:10     | Noticed Urug
 13658 | D:10     | Slain by Urug

Vault maps used:
D:1:      lemuel_arrival_broad_hall, serial_bayou_ford_a, st_stairs_5,
          minmay_pentomino_o4
D:2:      kennysheep_the_goblin_king, cheibriados_altar_1, minmay_liquid_box,
          uniq_sigmund
D:3:      lemuel_crystal_altar, first_bread, uniq_robin
D:4:      chequers_temple_overflow_minitemple, serial_shops, shop_coins
D:5:      vehumet_altar_wand_db, fedhas_altar_1, nicolae_ru_path_of_blood,
          minmay_misc_feat_roman, uniq_eustachio, uniq_ijyb
D:6:      temple_doors_e
D:7:      grunt_temple_overflow_holy_war, nicolae_dithmenos_shadow_blocks,
          old_standard_altar, grunt_livestock
D:8:      xom_teletrap_fun, grunt_lair_entry_orc_guard_hut, uniq_erica
D:9:      old_standard_altar, nicolae_overflow_hidden_temple
D:10:     minmay_curly_fans, mrwooster_statue_mirror, uniq_urug, uniq_grum

Skill      XL: |  1  2  3  4  5  6  7  8  9 10 |
---------------+-------------------------------+-----
Axes           | 1 2 3 4 6 8 11 13 | 13.2
Fighting       | 2 4 5 |  5.0
Short Blades   | |  0.7
Dodging        | |  1.5
Stealth        | |  0.7
Evocations     | |  2.4

Action                   |  1- 3 |  4- 6 |  7- 9 | 10-12 || total
-------------------------+-------+-------+-------+-------++-------
Melee: Hand axe          |   160 |   243 |   683 |   254 ||  1340
Evoke: Wand              |       |     7 |    29 |    11 ||    47
  Use: Scroll            |       |     8 |     7 |     2 ||    17
 Stab: Distracted        |       |       |     1 |       ||     1
Armor: Leather armour    |     8 |       |       |       ||     8
       Ring mail         |    40 |    46 |       |       ||    86
       Chain mail        |       |    29 |   330 |       ||   359
       Plate armour      |       |       |     2 |   135 ||   137
Dodge: Dodged            |   125 |   124 |   214 |    51 ||   514

Table legend:
 A = Spawn XP
 B = Non-spawn XP
 C = Spawn XP percentage of total XP
 D = Spawn monster count
 E = Non-spawn monster count
 F = Spawn count percentage of total count
 G = Total turns spent on level
                    A         B        C        D         E        F      G
               +---------+---------+-------+---------+---------+-------+---------
         Total |       0 |   11345 |   0.0 |       0 |     274 |   0.0 | 13658
               +---------+---------+-------+---------+---------+-------+---------
           D:1 |       0 |      65 |   0.0 |       0 |      36 |   0.0 |  1100
           D:2 |       0 |     306 |   0.0 |       0 |      34 |   0.0 |  1383
           D:3 |       0 |      91 |   0.0 |       0 |      30 |   0.0 |   797
           D:4 |       0 |     301 |   0.0 |       0 |      15 |   0.0 |  1251
           D:5 |       0 |     979 |   0.0 |       0 |      28 |   0.0 |  1777
           D:6 |       0 |    1426 |   0.0 |       0 |      38 |   0.0 |  2341
           D:7 |       0 |    2242 |   0.0 |       0 |      41 |   0.0 |  1846
           D:8 |       0 |    2697 |   0.0 |       0 |      37 |   0.0 |  1841
           D:9 |       0 |    2814 |   0.0 |       0 |      13 |   0.0 |  1179
          D:10 |       0 |     424 |   0.0 |       0 |       2 |   0.0 |   143
               +---------+---------+-------+---------+---------+-------+---------
